 Dungeon Crawl Stone Soup version 0.26-a0-667-g92642533e4 (webtiles) character file.

Game seed: 12903296513903009177

23 DoubleLucky the Insei (level 3, -1/23 HPs)
             Began as an Octopode Transmuter on Oct 16, 2020.
             Slain by a kobold
             ... wielding a +1 dagger of electrocution
              (8 damage)
             ... on level 1 of the Dungeon.
             The game lasted 00:04:24 (648 turns).

DoubleLucky the Insei (Octopode Transmuter)          Turns: 648, Time: 00:04:25

Health: -1/23      AC:  1    Str: 10    XL:     3   Next: 0%
Magic:  4/6        EV: 13    Int: 15    God:
Gold:   36         SH:  0    Dex: 12    Spells: 5/6 levels left

rFire    . . .     SeeInvis .     - Unarmed
rCold    . . .     Faith    .   (no shield)
rNeg     . . .     Spirit   .   (helmet currently unavailable)
rPois    .         Reflect  .   (no amulet)
rElec    .         Harm     .   (no ring)
rCorr    .         Rampage  .   (no ring)
MR       .....                  (no ring)
Stlth    ++........             (no ring)
HPRegen  0.07/turn              (no ring)
MPRegen  0.10/turn              (no ring)
                                (no ring)
                                (no ring)

@: appendages
A: almost no armour, stealthy swim, amphibious, 8 rings, constrict 8, tentacle
spike 3, camouflage 1, gelatinous body 1
a: End Transformation


You were on level 1 of the Dungeon.
One of your tentacles had a temporary spike.
You visited 1 branch of the dungeon, and saw 1 of its levels.

You collected 36 gold pieces.

Inventory:

Missiles
 d - 54 stones (quivered)
Armour
 a - a +0 kite shield
Jewellery
 g - an uncursed ring of wizardry {unknown}
Scrolls
 e - a scroll of identify {unknown}
Potions
 b - a potion of invisibility {unknown}
 c - a potion of brilliance {unknown}
 f - a potion of flight {unknown}
 h - a potion of curing {unknown}
 i - a potion of mutation {unknown}


   Skills:
 + Level 1.4 Fighting
 - Level 2.0 Dodging
 * Level 3.4 Unarmed Combat
 + Level 2.2 Spellcasting
 + Level 2.3 Transmutations


You had 5 spell levels left.
You knew the following spells:

 Your Spells              Type           Power        Failure   Level
a - Beastly Appendage     Tmut           #.....       9%          1

Your spell library contained the following spells:

 Spells                   Type           Power        Failure   Level
 Wereblood                Tmut           #.......     13%         2
 Spider Form              Tmut/Pois      #.........   38%         3
 Ice Form                 Ice/Tmut       #.......     80%         4
 Blade Hands              Tmut           #.........   93%         5


Dungeon Overview and Level Annotations

Branches:
Dungeon (1/15)

Altars:


Innate Abilities, Weirdness & Mutations

You cannot wear most types of armour.
You are very stealthy in the water. (Stealth+)
You are amphibious.
You can wear up to eight rings at the same time.
You can use your tentacles to constrict eight enemies at once.
Your skin changes colour to match your surroundings (Stealth+).
Your rubbery body absorbs attacks. (AC +1, EV +1)
One of your tentacles bears a large vicious spike.


Message History

You kill the hobgoblin!
The hobgoblin hits you with a +0 club.
* * * LOW HITPOINT WARNING * * *
You tentacle-slap the hobgoblin but do no damage.
You grab the hobgoblin.
You pierce the hobgoblin.
The hobgoblin is moderately wounded.
You constrict the hobgoblin, but do no damage.
The hobgoblin completely misses you.
You tentacle-slap the hobgoblin.
You pierce the hobgoblin.
You kill the hobgoblin!
You have reached level 3!
Your experience leads to an increase in your attributes!
Increase (S)trength, (I)ntelligence, or (D)exterity?
You feel stronger. The kobold hits you but does no damage.
You closely miss the kobold. You grab the kobold.
You pierce the kobold, but do no damage.
You constrict the kobold, but do no damage.
The kobold hits you but does no damage.
You are electrocuted!
You die...

#...........#
#######.###.#
#.# #.#### ##
#.# #..... .
#.# ###.## #.
#.# #.# ##.#
#.# #.#
#..K########.#
#.#
#)@...†....#
#.#
#..)##########
#.# #....# #.#
#?.?. (....
#.... ##.. ##.


You could see a kobold.

Vanquished Creatures
  4 dart slugs (D:1)
  A giant cockroach (D:1)
  3 hobgoblins (D:1)
  2 frilled lizards (D:1)
  A goblin (D:1)
  2 kobolds (D:1)
  4 rats (D:1)
17 creatures vanquished.

Notes
Turn   | Place    | Note
-------+----------+-------------------------------------------
     0 | D:1      | DoubleLucky the Octopode Transmuter began the quest for the
                  | Orb.
     0 | D:1      | Reached XP level 1. HP: 13/13 MP: 3/3
   417 | D:1      | Reached XP level 2. HP: 18/18 MP: 1/5
   647 | D:1      | Reached XP level 3. HP: 7/23 MP: 4/6
   648 | D:1      | Slain by a kobold

Illustrated notes

Levels and vault maps discovered:
D:1:      dpeg_arrival_circle_labyrinth_c, layout_loops_ring

Action                   || total
-------------------------++-------
Melee: Unarmed           ||    35
       Constrict         ||     9
       Tentacles         ||     7
       Kick              ||     7
Throw: Stone             ||     1
 Cast: Beastly Appendage ||     4
 Stab: Sleeping          ||     6
Armor: Skin              ||     4
Dodge: Dodged            ||    22

Table legend: (Time is in decaauts)
 A = Elapsed time spent in this place.
 B = Non-inter-level travel time spent in this place.
 C = Inter-level travel time spent in this place.
 D = Time resting spent in this place.
 E = Time spent auto-exploring this place.
 F = Levels seen in this place.
 G = Mean time per level.
                   A        B        C        D        E       F      G
               +--------+--------+--------+--------+--------+-----+--------+
         Total |    646 |    646 |      0 |      0 |    503 |   1 |  646.0 |
       Dungeon |    646 |    646 |      0 |      0 |    503 |   1 |  646.0 |
               +--------+--------+--------+--------+--------+-----+--------+

Top non-repeatable levels by time:
     D:1: 646 daAuts
